AoeStats
← evirbek

Fortress

509867627Analyzed
2v2 RM · 4d ago on Sep 28, 2026· 80m 26s· 4 players
Game mode
Random Map
Map size
Normal (6 player)
Population
200
Speed
Normal
Resources
Standard
Victory
Conquest
Starting age
Dark Age
Ending age
Imperial Age
RankedLock teamsTeams togetherTeam positionsShared explorationLock speedFull tech treeHidden civsTurbo modeCheats
Victory
Defeat
🇨🇿 Goths · Czechia
963
+9
🇨🇿 Spanish · Czechia
810
+15
🇹🇷 Goths · Türkiye
795
-12
🇹🇷 Chinese · Türkiye
794
-12
Tomikk
2:35 Loom
8:42 Feudal Age
9:23 Double-Bit Axe
9:20 Horse Collar
13:35 Castle Age
12:42 Gold Mining
12:44 Stone Mining
16:48 Bow Saw
19:11 Wheelbarrow
19:41 Heavy Plow
22:43 Stone Shaft Mining
23:05 Hand Cart
22:36 Town Watch
23:18 Fletching
23:29 Padded Archer Armor
27:22 Imperial Age
27:34 Bodkin Arrow
27:55 Leather Archer Armor
28:23 Ballistics
29:17 Two-Man Saw
28:59 Inquisition
29:51 Bracer
30:03 Forging
31:19 Ring Archer Armor
31:29 Elite Conquistador
36:32 Chemistry
35:35 Scale Mail Armor
35:41 Scale Barding Armor
36:12 Iron Casting
36:14 Hoardings
35:10 Sappers
36:01 Conscription
36:03 Supremacy
37:52 Chain Barding Armor
37:35 Murder Holes
37:51 Masonry
39:40 Elite Skirmisher
39:41 Heavy Mounted Crossbowman
40:27 Thumb Ring
41:05 Town Patrol
41:46 Plate Barding Armor
42:12 Blast Furnace
41:28 Chain Mail Armor
41:47 Architecture
41:28 Fortified Wall
41:09 Guard Tower
41:05 Arrowslits
41:29 Inquisition
43:34 Cavalier
44:14 Husbandry
44:25 Bloodlines
43:35 Light Cavalry
45:51 Paladin
45:52 Hussar
51:48 Keep
51:34 Shipwright
51:25 Clinker Construction
51:25 Careening
51:21 Siphons
51:37 Bombard Tower
51:52 Plate Mail Armor
54:54 Coinage
54:35 Guilds
54:26 Caravan
56:23 Onager
59:01 Banking
58:02 Man-at-Arms
58:43 Squires
60:25 Long Swordsman
79:20 Capped Ram
BuryZz
11:00 Feudal Age
12:52 Double-Bit Axe
12:50 Horse Collar
13:03 Gold Mining
15:16 Castle Age
18:09 Loom
19:07 Wheelbarrow
21:44 Heavy Plow
23:27 Town Watch
26:22 Imperial Age
26:13 Stone Mining
26:37 Bow Saw
26:20 Man-at-Arms
29:58 Crop Rotation
30:35 Town Patrol
30:19 Long Swordsman
31:14 Forging
31:19 Two-Handed Swordsman
32:04 Squires
32:07 Scale Mail Armor
33:28 Hand Cart
34:50 Perfusion
35:02 Champion
36:30 Chain Mail Armor
37:19 Conscription
37:55 Iron Casting
39:31 Two-Man Saw
38:41 Caravan
40:10 Blast Furnace
41:10 Masonry
42:23 Elite Huskarl
43:15 Anarchy
54:00 Fletching
SOKOMYS
8:08 Feudal Age
8:19 Loom
10:35 Double-Bit Axe
10:33 Horse Collar
13:53 Castle Age
14:20 Town Watch
16:57 Caravan
23:59 Imperial Age
22:09 Gold Mining
22:34 Heavy Plow
24:01 Wheelbarrow
23:53 Bow Saw
25:42 Stone Mining
26:24 Forging
26:15 Scale Mail Armor
28:01 Iron Casting
28:02 Conscription
28:53 Anarchy
29:19 Murder Holes
30:19 Pikeman
30:59 Squires
33:19 Halberdier
35:08 Chemistry
34:21 Masonry
36:19 Blast Furnace
35:34 Chain Mail Armor
35:06 Elite Huskarl
35:54 Perfusion
46:22 Fletching
46:32 Padded Archer Armor
49:42 Bodkin Arrow
50:02 Leather Archer Armor
evirbek
8:44 Feudal Age
9:24 Double-Bit Axe
9:30 Gold Mining
16:07 Castle Age
14:16 Stone Mining
15:30 Horse Collar
18:09 Bow Saw
18:38 Stone Shaft Mining
18:38 Gold Shaft Mining
21:28 Gold Shaft Mining
20:58 Caravan
21:28 Coinage
24:42 Wheelbarrow
23:54 Town Watch
29:43 Imperial Age
28:23 Padded Archer Armor
28:13 Fletching
28:28 Great Wall
29:00 Man-at-Arms
29:47 Scale Mail Armor
29:57 Forging
30:03 Leather Archer Armor
29:43 Bodkin Arrow
32:40 Banking
32:25 Long Swordsman
33:09 Squires
32:55 Arson
33:38 Ballistics
34:18 Chemistry
33:00 Two-Handed Swordsman
36:00 Heavy Plow
37:03 Two-Man Saw
35:37 Elite Chu Ko Nu
35:53 Champion
39:12 Masonry
41:12 Conscription
45:05 Chain Mail Armor
45:25 Iron Casting
47:05 Plate Mail Armor
51:07 Elite Fire Lancer
Connection lost

Rejoining the realm…

Still unreachable

The connection could not be restored.

Session expired

The server has moved on; the page needs a fresh start.